 Dungeon Crawl Stone Soup version 0.30-a0-845-g7c6808c8ce (webtiles) character file.

Game seed: 1183621408239565006

178 bobo the Insei (level 5, -7/41 HPs)
             Began as a Gnoll Transmuter on Mar 2, 2023.
             Killed by divine providence
             ... invoked by an orc priest
              (13 damage)
             ... on level 3 of the Dungeon.
             The game lasted 00:04:50 (2018 turns).

bobo the Insei (Gnoll Transmuter)                   Turns: 2018, Time: 00:04:51

Health: -7/41      AC:  2    Str:  9    XL:     5   Next: 58%
Magic:  10/12      EV: 13    Int: 14    God:
Gold:   133        SH:  0    Dex: 13    Spells: 4/14 levels left

rFire   . . .      SeeInvis .      - Unarmed
rCold   . . .      Faith    .    (no shield)
rNeg    . . .      Spirit   .    a - +0 robe
rPois   .          Reflect  .    (helmet currently unavailable)
rElec   .          Rampage  .    f - scarf {shadows}
rCorr   .                        (no gloves)
Will    .....                    (boots currently unavailable)
Stlth   ++                       (no amulet)
HPRegen 0.26/turn                (no ring)
MPRegen 0.13/turn                (no ring)

@: appendages, wereblooded
A: horns 2, talons 2, fangs 1, strong nose, distributed training
a: End Transformation


You were on level 3 of the Dungeon.
You had temporarily grown beastly horns and talons.
You visited 1 branch of the dungeon, and saw 3 of its levels.

You collected 133 gold pieces.

Inventory:

Armour
 a - a +0 robe (worn)
 f - a scarf of shadows (worn)
Wands
 i - a wand of flame (4)
 p - a wand of polymorph (3)
Scrolls
 c - a scroll of poison {unknown}
 d - a scroll of immolation {unknown}
 e - 2 scrolls of identify {unknown}
 g - 2 scrolls of amnesia {unknown}
 h - 2 scrolls of torment {unknown}
 l - 2 scrolls of fog {unknown}
 n - 2 scrolls of blinking {unknown}
 o - 2 scrolls of vulnerability {unknown}
Potions
 b - a potion of lignification
 k - a potion of flight {unknown}
 m - a potion of curing {unknown}


   Skills:
 + Level 3.0 Fighting
 + Level 1.6 Short Blades
 + Level 1.6 Long Blades
 + Level 1.6 Axes
 + Level 1.6 Maces & Flails
 + Level 1.6 Polearms
 + Level 1.6 Staves
 + Level 1.6 Ranged Weapons
 + Level 1.6 Throwing
 + Level 1.6 Armour
 + Level 4.8 Dodging
 + Level 1.6 Stealth
 + Level 1.6 Shields
 + Level 6.7 Unarmed Combat
 + Level 5.2 Spellcasting
 + Level 1.3 Conjurations
 + Level 1.3 Hexes
 + Level 1.3 Summonings
 + Level 1.3 Necromancy
 + Level 1.3 Translocations
 + Level 4.0 Transmutations
 + Level 1.3 Fire Magic
 + Level 1.3 Ice Magic
 + Level 1.3 Air Magic
 + Level 1.3 Earth Magic
 + Level 1.3 Poison Magic
 + Level 1.8 Invocations
 + Level 1.6 Evocations


You had 4 spell levels left.
You knew the following spells:

 Your Spells              Type           Power      Damage    Failure   Level
a - Beastly Appendage     Tmut           28%        N/A       3%          1
b - Ice Form              Ice/Tmut       11%        N/A       50%         4
s - Spider Form           Tmut/Pois      11%        N/A       17%         3
z - Wereblood             Tmut           14%        N/A       4%          2

Your spell library contained the following spells:

 Spells                   Type           Power      Damage    Failure   Level
 Blink                    Tloc           14%        N/A       16%         2
 Hailstorm                Conj/Ice       7%         3d4       30%         3
 Manifold Assault         Tloc           7%         N/A       69%         4
 Simulacrum               Ice/Necr       3%         N/A       100%        6
 Storm Form               Tmut/Air       5%         N/A       100%        7


Dungeon Overview and Level Annotations

Branches:
Dungeon (3/15)

Altars:

Shops:
D:2 (


Innate Abilities, Weirdness & Mutations

You have temporarily grown beastly horns and talons.
You have very sharp teeth.
Your uncanny sense of smell can sniff out nearby items.
Your experience applies equally to all skills.


Message History

The orc shouts! x2
The orc priest closely misses you.
Casting: Beastly Appendage (safe; 3% risk of failure)
Confirm with . or Enter, or press ? or * to list all spells.
Your blood is infused with primal strength.
The orc priest hits you with a +0 war axe.
You closely miss the orc priest. You claw the orc priest.
The orc priest is moderately wounded.
The orc priest calls down the wrath of Beogh upon you.
Pain shoots through your body!
You punch the orc!
You feel a bit better.
You kill the orc!
The orc priest invokes the aid of Beogh against you.
You barely resist. You closely miss the orc priest. You claw the orc priest.
The orc priest is heavily wounded.
The orc priest calls down the wrath of Beogh upon you.
Pain shoots through your body! The orc closely misses you.
You barely miss the orc. Your kick misses the orc. You hit the orc.
The orc is heavily wounded.
The orc priest closely misses you. The orc hits you with a +0 hand axe.
You hit the orc but do no damage.
The orc is heavily wounded.
The orc priest hits you with a +0 war axe!
The orc misses you.
You hit the orc.
The orc is severely wounded.
The orc priest invokes the aid of Beogh against you.
Beogh smites you!
* * * LOW HITPOINT WARNING * * *
The orc misses you.
You barely miss the orc. You claw the orc.
You feel a bit better.
You kill the orc!
The orc priest looks braver for a moment.
You barely miss the orc priest.
The orc priest is heavily wounded.
The orc priest calls down the wrath of Beogh upon you.
Beogh smites you!
You die...

###### #....###
#.#....# ###
#....♣)##...
######..
#...♣@o....#
........
#.#...)##...
.......# #.######
####...# ##.##
........
####...####
####....
#..........# .# .#
##...
#.#..)..##.##.# #.#
###.
#.#.....##.##.##..#
#.
#.#.....##.##.#...
#.


You could see an orc priest.

Vanquished Creatures
  A scorpion (D:3)
  Ijyb (D:3)
  2 adders (D:2)
  2 worms (D:3)
  A dart slug (D:2)
  3 orcs
  5 bats
  7 endoplasms
  A giant cockroach (D:1)
  4 goblins (D:1)
  5 hobgoblins
  6 quokkas
  7 ball pythons
  3 frilled lizards
  7 kobolds
  6 rats
61 creatures vanquished.

Notes
Turn   | Place    | Note
-------+----------+-------------------------------------------
     0 | D:1      | bobo the Gnoll Transmuter began the quest for the Orb.
     0 | D:1      | Reached XP level 1. HP: 17/17 MP: 6/6
   119 | D:1      | Reached XP level 2. HP: 23/23 MP: 5/7
   122 | D:1      | Learned a level 2 spell: Wereblood
   419 | D:1      | Reached skill level 5 in Spellcasting
   419 | D:1      | Reached XP level 3. HP: 28/28 MP: 7/9
   690 | D:1      | Learned a level 3 spell: Spider Form
   811 | D:2      | Reached skill level 1 in Invocations
   858 | D:2      | Found Surock's Antique Weapon Emporium.
  1237 | D:2      | Reached skill level 1 in Short Blades
  1237 | D:2      | Reached skill level 1 in Long Blades
  1237 | D:2      | Reached skill level 1 in Axes
  1237 | D:2      | Reached skill level 1 in Maces & Flails
  1237 | D:2      | Reached skill level 1 in Polearms
  1237 | D:2      | Reached skill level 1 in Staves
  1237 | D:2      | Reached skill level 1 in Ranged Weapons
  1237 | D:2      | Reached skill level 1 in Throwing
  1237 | D:2      | Reached skill level 1 in Armour
  1237 | D:2      | Reached skill level 1 in Stealth
  1237 | D:2      | Reached skill level 1 in Shields
  1237 | D:2      | Reached skill level 1 in Evocations
  1241 | D:2      | Reached XP level 4. HP: 21/34 MP: 8/11
  1415 | D:3      | Noticed a scorpion
  1441 | D:3      | Noticed Ijyb
  1449 | D:3      | Killed Ijyb
  1450 | D:3      | Reached skill level 1 in Conjurations
  1450 | D:3      | Reached skill level 1 in Hexes
  1450 | D:3      | Reached skill level 1 in Summonings
  1450 | D:3      | Reached skill level 1 in Necromancy
  1450 | D:3      | Reached skill level 1 in Translocations
  1450 | D:3      | Reached skill level 1 in Fire Magic
  1450 | D:3      | Reached skill level 1 in Ice Magic
  1450 | D:3      | Reached skill level 1 in Air Magic
  1450 | D:3      | Reached skill level 1 in Earth Magic
  1450 | D:3      | Reached skill level 1 in Poison Magic
  1506 | D:2      | Learned a level 4 spell: Ice Form
  1514 | D:3      | Killed a scorpion
  1515 | D:3      | Reached XP level 5. HP: 41/41 MP: 12/12
  2018 | D:3      | Killed from afar by an orc priest

Illustrated notes

Levels and vault maps discovered:
D:1:      wheals_arrival_linesprint, layout_rooms
D:2:      minmay_skewed_foursquare, layout_rooms, serial_shops, shop_statue
D:3:      layout_loops_ring, worldfamousw_hep_ancestral_shrine,
          chequers_mini_garden, corexii_item_surrounded_by_moat,
          grunt_ministairs_10, uniq_ijyb

Skill      XL: |  1  2  3  4 |
---------------+-------------+-----
Spellcasting   | 5 |  5.2
Invocations    | 1 |  1.8
Short Blades   | 1 |  1.6
Long Blades    | 1 |  1.6
Axes           | 1 |  1.6
Maces & Flails | 1 |  1.6
Polearms       | 1 |  1.6
Staves         | 1 |  1.6
Ranged Weapons | 1 |  1.6
Throwing       | 1 |  1.6
Armour         | 1 |  1.6
Stealth        | 1 |  1.6
Shields        | 1 |  1.6
Evocations     | 1 |  1.6
Conjurations   | 1 |  1.3
Hexes          | 1 |  1.3
Summonings     | 1 |  1.3
Necromancy     | 1 |  1.3
Translocations | 1 |  1.3
Fire Magic     | 1 |  1.3
Ice Magic      | 1 |  1.3
Air Magic      | 1 |  1.3
Earth Magic    | 1 |  1.3
Poison Magic   | 1 |  1.3
Fighting       | 3 |  3.0
Transmutations | 4 |  4.0
Dodging        | |  4.8
Unarmed Combat | |  6.7

Action                     |  1- 3 |  4- 6 || total
---------------------------+-------+-------++-------
  Melee: Unarmed           |    69 |    49 ||   118
         Kick              |    14 |     7 ||    21
         Bite              |     5 |     1 ||     6
         Headbutt          |     7 |     3 ||    10
         Punch             |       |     2 ||     2
   Cast: Beastly Appendage |    12 |     6 ||    18
         Wereblood         |     3 |     6 ||     9
         Spider Form       |     3 |     3 ||     6
    Use: Potion            |     2 |     1 ||     3
 Armour: Robe              |    15 |     1 ||    16
         Skin              |     1 |     3 ||     4
  Dodge: Dodged            |    45 |    24 ||    69

Table legend: (Time is in decaauts)
 A = Elapsed time spent in this place.
 B = Non-inter-level travel time spent in this place.
 C = Inter-level travel time spent in this place.
 D = Time resting spent in this place.
 E = Time spent auto-exploring this place.
 F = Levels seen in this place.
 G = Mean time per level.
                   A        B        C        D        E       F      G
               +--------+--------+--------+--------+--------+-----+--------+
         Total |   2005 |   1883 |    122 |     77 |   1451 |   3 |  668.3 |
       Dungeon |   2005 |   1883 |    122 |     77 |   1451 |   3 |  668.3 |
               +--------+--------+--------+--------+--------+-----+--------+

Top non-repeatable levels by time:
     D:1: 737 daAuts
     D:2: 710 daAuts
     D:3: 558 daAuts
